 Dungeon Crawl Stone Soup version 0.31-a0-1237-gabc64e778c (webtiles) character file.

Game seed: 1574611174774848358

71 wildpjah the Chiller (level 4, 0/30 HPs)
             Began as a Merfolk Ice Elementalist on Dec 16, 2023.
             Slain by a ball python (2 damage)
             ... on level 2 of the Dungeon.
             The game lasted 00:04:08 (1586 turns).

wildpjah the Chiller (Merfolk Ice Elementalist)     Turns: 1586, Time: 00:04:09

Health: 0/30       AC:  2    Str:  8    XL:     4   Next: 24%
Magic:  5/8        EV:  3    Int: 14    God:
Gold:   172        SH: 11    Dex: 16    Spells: 8/9 levels left

rFire   . . .        o - +0 short sword
rCold   . . .        n - +0 tower shield
rNeg    + . .        a - +0 robe
rPois   .            (no helmet)
rElec   .            (no cloak)
rCorr   .            (no gloves)
SInv    .            (no boots)
Will    .....        (no amulet)
Stlth   ++           i - ring of positive energy
HPRegen 0.25/turn    (no ring)
MPRegen 0.11/turn

%: no passive effects
@: very slightly contaminated, constricted
A: (nimble swimmer 2), mertail
a: no special abilities


You were on level 2 of the Dungeon.
You visited 1 branch of the dungeon, and saw 2 of its levels.

You collected 172 gold pieces.

Inventory:

Hand Weapons
 f - a +0 dagger
 o - a +0 short sword (weapon)
Armour
 a - a +0 robe (worn)
 k - an orb of guile
 n - a +0 tower shield (worn)
Jewellery
 i - a ring of positive energy (left hand)
Scrolls
 c - 3 scrolls of identify {unknown}
 e - 2 scrolls of amnesia {unknown}
 g - a scroll of blinking {unknown}
 m - a scroll of enchant weapon {unknown}
 p - a scroll of revelation {unknown}
Potions
 b - a potion of magic
 d - 2 potions of resistance {unknown}
 h - 2 potions of curing {unknown}
 j - a potion of degeneration {unknown}
 l - a potion of invisibility {unknown}


   Skills:
 + Level 0.2 Short Blades
 + Level 3.2 Dodging
 + Level 2.3 Stealth
 + Level 3.0 Spellcasting
 + Level 5.2 Ice Magic


You had 8 spell levels left.
You knew the following spells:

 Your Spells              Type           Power      Damage    Failure   Level
a - Freeze                Ice            64%        1d7       92%         1

Your spell library contained the following spells:

 Spells                   Type           Power      Damage    Failure   Level
 Shock                    Conj/Air       8%         1d3       100%        1
 Frozen Ramparts          Ice            32%        1d5       100%        3
 Inner Flame              Hex/Fire       2%         N/A       100%        3
 Ozocubu's Armour         Ice            16%        N/A       100%        3
 Swiftness                Air            2%         N/A       100%        3
 Airstrike                Air            1%         2d(1-17)  100%        4
 Anguish                  Hex/Necr       1%         N/A       100%        4
 Cause Fear               Hex            1%         N/A       100%        4
 Summon Ice Beast         Ice/Summ       9%         N/A       100%        4
 Yara's Violent Unravell  Hex/Tmut       1%         3d3       100%        5
 Enfeeble                 Hex            1%         N/A       100%        7


Dungeon Overview and Level Annotations

Branches:
Dungeon (2/15)

Altars:
Hepliaklqana


Innate Abilities, Weirdness & Mutations

((You are very nimble when in or above water. (Stealth+, EV+, Speed+++)))
Your lower body shifts to a powerful aquatic tail in water.


Message History

The adder poisons you! The adder bites you. The adder barely misses you.
You hit the adder.
The adder is heavily wounded.
You feel very sick. You block the adder's attack. x2
You barely miss the adder.
The adder is heavily wounded.
You feel sick. You block the adder's attack. x2
You barely miss the adder.
The adder is heavily wounded.
You feel sick. The adder bites you.
You are more poisoned.
The adder poisons you! The adder barely misses you.
You hit the adder.
The adder is almost dead.
You feel very sick. You block the adder's attack.
The adder bites you but does no damage. You block the adder's attack.
You barely miss the adder.
The adder is almost dead.
You feel sick. The adder bites you.
* * * LOW HITPOINT WARNING * * *
You block the adder's attack.
You hit the adder.
You kill the adder!
You feel sick. You block the ball python's attack. The ball python grabs you.
The ball python constricts you.
Your Spellcasting skill increases to level 3!
You hit the ball python.
The ball python is severely wounded.
You feel sick.
You are no longer poisoned.
You block the ball python's attack. The ball python constricts you.
You block the ball python's attack. The ball python constricts you.
You barely miss the ball python.
The ball python is moderately wounded.
The ball python bites you.
* * * LOW HITPOINT WARNING * * *
The ball python constricts you. The ball python bites you.
You die...

##......# ####..#.#
.%......### ##...# ######...)#
##### # ####.## ############
#..# #..........# ##.###
#........$.# #...#
#..........#
############.######..........#
................@S...........#
###################.......S..#
#..........# #..........#
############


You could see a ball python.

Vanquished Creatures
  3 adders (D:2)
  A worm (D:2)
  A dart slug (D:2)
  4 ball pythons
  3 endoplasms (D:1)
  2 giant cockroaches
  4 goblins
  4 hobgoblins
  2 kobolds
  3 quokkas (D:1)
  4 bats (D:1)
  A frilled lizard (D:2)
  5 rats (D:1)
  A spectral hobgoblin (D:2)
38 creatures vanquished.

Notes
Turn   | Place    | Note
-------+----------+-------------------------------------------
     0 | D:1      | wildpjah the Merfolk Ice Elementalist began the quest for
                  | the Orb.
     0 | D:1      | Reached XP level 1. HP: 13/13 MP: 3/3
   107 | D:1      | Reached XP level 2. HP: 13/19 MP: 0/5
   627 | D:1      | Reached XP level 3. HP: 24/24 MP: 3/6
   857 | D:2      | Reached skill level 5 in Ice Magic
  1198 | D:2      | Reached XP level 4. HP: 30/30 MP: 8/8
  1353 | D:2      | Found a faded altar of an unknown god.
  1504 | D:2      | Found a hazy altar of Hepliaklqana.
  1586 | D:2      | Slain by a ball python

Illustrated notes

Levels and vault maps discovered:
D:1:      nzn_arrival_crosshair, layout_rooms, minmay_heptomino_h4
D:2:      layout_rooms, basic_altar, dreamdust_ecumenical_altar_drowned_temple,
          kennysheep_generic_room_7

Skill      XL: |  1  2  3  4 |
---------------+-------------+-----
Dodging        | 3 |  3.2
Ice Magic      | 5 |  5.2
Spellcasting   | 3 |  3.0
Short Blades   | |  0.2
Stealth        | |  2.3

Action                     |  1- 3 |  4- 6 || total
---------------------------+-------+-------++-------
  Melee: Unarmed           |    14 |       ||    14
         Dagger            |    26 |    11 ||    37
         Short sword       |       |    20 ||    20
         Tailslap          |       |     1 ||     1
   Cast: Freeze            |    41 |     5 ||    46
   Stab: Sleeping          |     4 |       ||     4
 Armour: Robe              |    41 |    20 ||    61
  Dodge: Dodged            |    56 |     7 ||    63
  Block: Tower shield      |       |    31 ||    31

Table legend: (Time is in decaauts)
 A = Elapsed time spent in this place.
 B = Non-inter-level travel time spent in this place.
 C = Inter-level travel time spent in this place.
 D = Time resting spent in this place.
 E = Time spent auto-exploring this place.
 F = Levels seen in this place.
 G = Mean time per level.
                   A        B        C        D        E       F      G
               +--------+--------+--------+--------+--------+-----+--------+
         Total |   1596 |   1574 |     22 |     48 |   1179 |   2 |  798.0 |
       Dungeon |   1596 |   1574 |     22 |     48 |   1179 |   2 |  798.0 |
               +--------+--------+--------+--------+--------+-----+--------+

Top non-repeatable levels by time:
     D:1: 895 daAuts
     D:2: 701 daAuts
